Map: Аура смерти РВ

Players

Curlviv - Winner!

  • Race: Protoss Protoss
  • League: Platinum
  • Spawn Location: 11:00

Kantara

  • Race: Protoss Protoss
  • League: Diamond
  • Spawn Location: 5:00

VOD

Have the link to the VOD?

Description

Time

  • Played on: Oct. 26, 2020, 7:09 p.m.
  • Length: 4:01
Show
View Real Time Build Order
Export as new Build Order

Curlviv Protoss - Winner!

Build Orders:  

Get SALT Encoding   

  12  0:00  Probe  
  13  0:12  Probe  
  14  0:19  Pylon  
  14  0:24  Probe  
  15  0:40  Probe  
  16  0:43  Gateway  
  16  0:52  Probe  
  16  0:54  Assimilator  
  17  1:04  Probe  
  18  1:05  Assimilator  
  18  1:14  Gateway  
  18  1:16  Probe  
  19  1:28  Probe (Chrono Boost)  
  20  1:33  Cybernetics Core  
  21  1:40  Probe (Chrono Boost)  
  21  1:47  Probe (Chrono Boost)  
  22  1:55  Pylon, Probe  
  23  2:13  Probe  
  24  2:19  Stargate  
  24  2:26  Stalker  
  26  2:33  Stalker  
  28  2:58  Shield Battery  
  28  3:00  Void Ray (Chrono Boost)  
  28  3:12  Pylon  
  31  3:18  Pylon  
  31  3:30  Stalker, Nexus  
  33  3:39  Shield Battery  
Show
View Real Time Build Order
Export as new Build Order

Kantara Protoss 

Build Orders:  

Get SALT Encoding   

  12  0:00  Probe  
  13  0:12  Probe  
  14  0:17  Pylon  
  14  0:24  Probe  
  15  0:36  Probe (Chrono Boost)  
  15  0:39  Gateway  
  16  0:48  Probe (Chrono Boost), Assimilator  
  17  0:54  Probe (Chrono Boost)  
  17  0:56  Assimilator  
  18  1:03  Probe  
  19  1:15  Probe  
  19  1:16  Gateway  
  20  1:27  Probe  
  21  1:34  Cybernetics Core  
  21  1:39  Probe  
  22  1:41  Pylon  
  22  2:03  Probe  
  23  2:16  Probe  
  23  2:18  Stalker x2  
  28  2:23  Twilight Council  
  28  3:02  Stalker, Pylon  
  30  3:12  Pylon  
  30  3:20  Stalker  
  32  3:31  Shield Battery  
  32  3:34  Pylon  
Tags
 
Add a new tag
Caveats
  • Supply blocks, unpowered buildings, or Contaminate may cause inaccurate times.
  • Supply counts are checked every 10 seconds.